Unix NetHack Version 5.0.0-0 post-release - last build May 17 2026 04:57:42 (dc50c8380fa5e20985bfe3072449f57b8d9895ef,branch:main).

Game began 2026-05-21 10:44:07, ended 2026-05-21 11:09:55.

ArrBianca, lawful female human Priestess

                                     -------
                                     |.....|
                  ------------       |.....|
                  |..........|       |......#
                  |..........|       |.....| #
  -----------     |..........|       |.....|
  |.......<.|    #...........|    ###-.....|  #
  |..(.......#####|..........|   ##  ---.---  )
  |.........|     -.---------- ###      ##### ##
  -----------      #           #            d@Y
                   #           #             YY
                   ######    ###             ##
                    ----|-----############  ###
                    |........| #       --.-|--.----
                    |.........##       |..........|
                    |........|         |..........|
                    ----------         |..........|
                                       |..........|
                                       ------------

ArrBianca the Adept          St:10 Dx:13 Co:17 In:11 Wi:18 Ch:8  Lawful
Dlvl:6  $:149 HP:0(62) Pw:86(86) AC:5  Xp:6 T:3126  Satiated Burdened

Latest messages:
 You miss the jaguar.
 The jaguar hits!
 The jaguar hits again!
 The jaguar bites!
 The jaguar hits!
 The jaguar hits again!
 The jaguar misses!
 You hit the jaguar!
 The jaguar hits!
 The jaguar hits again!
 The jaguar misses!
 You kill the jaguar!
 You see here a jaguar corpse.
 There is a jaguar corpse here; eat it? [ynq] (n) y
 This jaguar corpse tastes okay.
 You finish eating the jaguar corpse.
 You see here a dagger.
 You stop waiting.
 You hit the ape!
 The ape hits!
 The ape hits again!
 The ape bites!
 What do you want to read? [ghntuzABGP or ?*] A
 As you read the scroll, it disappears.
 This is an identify scroll.
 O - a ring of fire resistance.
 The ape hits!
 The ape hits again!
 The ape bites!
 The ape hits!
 The ape hits again!
 The ape bites!
 What do you want to zap? [pL or ?*] ?
 In what direction? n
 The ape vanishes and reappears next to you.
 The ape just misses!
 The ape hits!
 The ape bites!
 The ape hits!
 The ape hits again!
 The ape bites!
 The ape hits!
 The ape hits again!
 The ape bites!
 You die...
 Do you want your possessions identified? [ynq] (y) y
 Do you want to see your attributes? [ynq] (y) y
 Do you want an account of creatures vanquished? [ynaq] (y) y
 Do you want to see your conduct and achievements? [ynq] (y) y
 Do you want to see the dungeon overview? [ynq] (y) y

Inventory:
 Coins    ('$')
  $ - 149 gold pieces
 Weapons  (')')
  Q - 3 +0 darts (at the ready)
  a - a blessed corroded +1 mace (weapon in left hand)
 Armor    ('[')
  W - a +0 pair of iron shoes (being worn)
  i - a +0 elven shield
  c - a +0 small shield (being worn)
  X - a +0 dwarvish cloak
  b - a blessed +0 robe (being worn)
 Comestibles  ('%')
  R - a head of romanesco
  e - 2 cloves of garlic
  j - a cursed food ration
  f - a sprig of wolfsbane
  V - an egg
  m - a partly eaten lichen corpse
 Scrolls  ('?')
  G - a cursed scroll of charging
  t - 2 scrolls of confuse monster
  z - a cursed scroll of confuse monster
  u - a scroll of scare monster
  P - a blessed scroll of teleportation
 Spellbooks  ('+')
  h - a spellbook of detect unseen
  n - a spellbook of dig
  B - a spellbook of dig
  g - a spellbook of light
 Potions  ('!')
  S - a potion of enlightenment
  H - a blessed potion of fruit juice
  q - 2 potions of healing
  K - a potion of monster detection
  d - 4 potions of holy water
  v - a potion of water
 Rings    ('=')
  O - a ring of fire resistance
 Wands    ('/')
  L - a wand of digging (0:4)
  p - a wand of teleportation (0:2)
 Tools    ('(')
  U - a bag of holding containing 6 items
  o - a bell
  k - a cursed credit card

Contents of the bag of holding:
  a spellbook of levitation
  2 worthless pieces of blue glass
  a worthless piece of green glass
  2 worthless pieces of violet glass
  2 worthless pieces of white glass
  2 flint stones

ArrBianca the Priestess's attributes:

Background:
 You were an Adept, a level 6 human Priestess.
 You were lawful, on a mission for Mitra
 who was opposed by Crom (neutral) and Set (chaotic).
 You were left-handed.
 You were in the Dungeons of Doom, on level 6.
 You entered the dungeon 3126 turns ago.
 You had 374 experience points, 266 more were needed to attain level 7.

Basics:
 You had 0 out of 62 hit points.
 You had all 86 energy points (spell power).
 Your armor class was 5.
 Your wallet contained 149 zorkmids.
 Autopickup was on for '$?!/="+%' plus thrown, with exceptions.

Final Characteristics:
 Your strength was 10 (limit:18/100).
 Your dexterity was 13 (limit:18).
 Your constitution was 17 (limit:18).
 Your intelligence was 11 (limit:18).
 Your wisdom was 18 (limit:18).
 Your charisma was 8 (limit:18).

Final Status:
 You were satiated.
 You were burdened; movement was slightly slowed.
 You were wielding a mace.
 You were skilled in mace.

Final Attributes:
 You were piously aligned.
 You were guarded.
 Your spell casting was enhanced by wearing a robe.
 You are dead.

Miscellaneous:
 You didn't encounter any bones levels.
 Total elapsed playing time was 25 minutes and 48 seconds.

Major events:
 Turn
    1: ArrBianca the lawful human Priestess entered the dungeon
  780: attained the rank of Acolyte (level 3)
 2872: attained the rank of Adept (level 6)
 3126: killed by an ape

Spells:
 Name                 Level Category     Fail Retention
 light                  1   clerical       0%   81%-90%
 detect unseen          3   divination    68%    (gone)
 dig                    5   matter        97%  76%-100%

Skills:
 Fighting Skills
   bare handed combat [Unskilled]
 Weapon Skills
   club               [Unskilled]
   mace               [Skilled]
   morning star       [Unskilled]
   flail              [Unskilled]
   hammer             [Unskilled]
   quarterstaff       [Unskilled]
   polearms           [Unskilled]
   spear              [Unskilled]
   trident            [Unskilled]
   lance              [Unskilled]
   bow                [Unskilled]
   sling              [Unskilled]
   crossbow           [Unskilled]
   dart               [Unskilled]
   shuriken           [Unskilled]
   boomerang          [Unskilled]
   unicorn horn       [Unskilled]
 Spellcasting Skills
   healing spells     [Unskilled]
   divination spells  [Unskilled]
   clerical spells    [Basic]

Voluntary challenges:
 Character rerolling was not enabled.
 You never genocided any monsters.
 You never polymorphed an object.
 You never changed form.
 You used no wishes.
Achievements:
 You attained the rank of Acolyte.
 You attained the rank of Adept.

 The Dungeons of Doom: levels 1 to 6
    Level 1:
       A fountain, a sink, a grave.
    Level 2:
       An altar to Mitra, a fountain.
    Level 3:
       A fountain, a sink.
    Level 4:
       A grave.
    Level 5:
    Level 6: <- You were here.
       Final resting place for
          you, killed by an ape.


Vanquished creatures:
  a jaguar
  2 rock piercers
  a rock mole
  2 gnome leaders
 an elf zombie
  2 giant ants
  2 floating eyes
  a dwarf
  a homunculus
  a kobold leader
  a kobold shaman
  2 hill orcs
  5 rothes
  a monkey
  a wererat
  a werejackal
  2 iguanas
  2 acid blobs
  a hobbit
  a large kobold
  a hobgoblin
  3 cave spiders
  2 yellow molds
  a gnome
  a gecko
  5 jackals
  3 foxes
  a kobold
  2 goblins
  2 sewer rats
 14 grid bugs
  5 lichens
  a kobold zombie
  6 newts
78 creatures vanquished.

No species were genocided or became extinct.

Game over:
                       ----------
                      /          \
                     /    REST    \
                    /      IN      \
                   /     PEACE      \
                  /                  \
                  |    ArrBianca     |
                  |      149 Au      |
                  | killed by an ape |
                  |                  |
                  |                  |
                  |                  |
                  |       2026       |
                 *|     *  *  *      | *
        _________)/\\_//(\/(/\)/\//\/|_)_______

Goodbye ArrBianca the Priestess...

You died in The Dungeons of Doom on dungeon level 6 with 1931 points,
and 149 pieces of gold, after 3126 moves.
You were level 6 with a maximum of 62 hit points when you died.

